 Seeded DCSS version 0.29.1-12-g30fa7ad0bf (webtiles) character file.

Game seed: 696969 (custom seed)

88 hikkokomori the Shield-Bearer (level 4, 37/37 HPs)
             Began as a Formicid Fighter on Jan 11, 2023.
             Quit the game on level 3 of the Dungeon.
             The game lasted 00:02:23 (2436 turns).

hikkokomori the Shield-Bearer (Formicid Fighter)    Turns: 2436, Time: 00:02:23

Health: 37/37      AC:  7    Str: 23    XL:     4   Next: 82%
Magic:  4/4        EV:  9    Int:  7    God:
Gold:   81         SH:  6    Dex: 19    Spells: 3/3 levels left

rFire   . . .      SeeInvis +   a - +0 war axe
rCold   . . .      Faith    .   c - +0 buckler
rNeg    . . .      Spirit   .   b - +0 scale mail
rPois   .          Reflect  .   (helmet unavailable)
rElec   .          Harm     .   (no cloak)
rCorr   .          Rampage  .   (no gloves)
Will    .....                   (no boots)
Stlth   ..........              (no amulet)
HPRegen 0.12/turn               o - +6 ring of dexterity
MPRegen 0.09/turn               (no ring)

@: no status effects
A: permanent stasis, dig shafts and tunnels, antennae 3, four strong arms
a: Dig, Shaft Self


You were on level 3 of the Dungeon.
You visited 1 branch of the dungeon, and saw 3 of its levels.

You collected 81 gold pieces.

Inventory:

Hand Weapons
 a - a +0 war axe (weapon)
 h - a +0 sling of freezing
Armour
 b - a +0 scale mail (worn)
 c - a +0 buckler (worn)
 u - a +0 helmet
Jewellery
 j - a ring of fire
 o - a +6 ring of dexterity (left hand)
Scrolls
 n - a scroll of summoning
 q - 2 scrolls of blinking
 t - a scroll of fear
Potions
 d - a potion of might
 e - 4 potions of heal wounds {unknown}
 f - a potion of haste {unknown}
 i - 2 potions of curing {unknown}
 k - 2 potions of flight {unknown}
 l - a potion of magic {unknown}
 m - a potion of degeneration {unknown}
 r - a potion of ambrosia {unknown}


   Skills:
 + Level 4.1 Fighting
 + Level 2.8 Axes
 + Level 3.9 Armour
 + Level 4.8 Shields


You had 3 spell levels left.
You didn't know any spells.
Your spell library contained the following spells:

 Spells                   Type           Power      Damage    Failure   Level
 Poisonous Vapours        Pois/Air       0%         N/A       91%         2
 Dazzling Flash           Conj/Hex       0%         N/A       99%         3
 Lesser Beckoning         Tloc           0%         N/A       99%         3
 Portal Projectile        Hex/Tloc       0%         N/A       99%         3
 Tukima's Dance           Hex            0%         N/A       99%         3
 Airstrike                Air            0%         2d(0-16)  100%        4
 Iskenderun's Mystic Bla  Conj/Tloc      0%         2d3       100%        4
 Blade Hands              Tmut           0%         N/A       100%        5
 Conjure Ball Lightning   Conj/Air       0%         3x3d6     100%        6
 Starburst                Conj/Fire      0%         6d3       100%        6
 Malign Gateway           Summ/Tloc      0%         N/A       100%        7
 Discord                  Hex            0%         N/A       100%        8
 Disjunction              Tloc           0%         N/A       100%        8


Dungeon Overview and Level Annotations

Branches:
Dungeon (3/15)

Altars:

Shops:
D:3 [


Innate Abilities, Weirdness & Mutations

You cannot be hasted, slowed, berserked, paralysed or teleported.
You can dig through walls and to a lower floor.
You have a pair of large antennae on your head. (SInv)
Your four strong arms can wield two-handed weapons with a shield.


Message History

No target in view!
No target in view!
No target in view!
No target in view!
No target in view!
No target in view!
No target in view!
Found a stone staircase leading down.
You now have 68 gold pieces (gained 9).
You see here a bat corpse.
Things that are here:
a +0 short sword; a kobold corpse You open the door.
There is an open door here.
e - 4 fizzy silvery potions (gained 2)
You open the door.
Found a faded altar of an unknown god.
There is an open door here.
You see here a giant cockroach corpse.
You see here a +0 whip.
Things that are here:
a +0 short sword; a kobold corpse
Found an escape hatch in the ceiling.
You now have 81 gold pieces (gained 13).
Done exploring.
Done exploring.
Done exploring.
Done exploring.
As you read the scroll labelled FUAGEEKL XOSCHU, it crumbles to dust.
It is a scroll of identify.
q - 2 scrolls of blinking
As you read the scroll of identify, it crumbles to dust.
n - a scroll of summoning
As you read the scroll of identify, it crumbles to dust.
t - a scroll of fear
As you read the scroll labelled YWOEPRYNIY, it crumbles to dust.
You feel a strange sense of stasis.
It was a scroll of teleportation.
As you read the scroll labelled ABIT IRPHYSTRUNT, it crumbles to dust.
You hear the tinkle of a tiny bell.
It was a scroll of butterflies.
Are you sure you want to abandon this character and quit the game? (Confirm with "yes".)

#.#.##..#####.#.......#.###
#.#............)...##.#...##
#......##.###.#....##......#
###..####.# #..........†...#
#.....#.# ##########.....#
##.##.#.# ###...###
#.##.#.####### #.......#
###......#bbb.b# #.##.##.#
#......###.b@bb# #.##.##.#
#.###..# #b.bb.# #.#..##.#
#.###..###.b..b# #.#.###.#
#.#...........<# #.#.###.#
#.#.#.########## #.......#
#.#.#.# ######## ###.#####
#.....# #......# #.#
###.#.###.####.# #.# ##
#.#.##.......# ###.#####.


There were no monsters in sight!

Vanquished Creatures
  Robin (D:2)
  2 adders
  A dart slug (D:1)
  4 ball pythons
  6 endoplasms
  4 giant cockroaches
  11 goblins
  5 hobgoblins
  2 jackals (D:1)
  A quokka (D:3)
  4 bats
  2 frilled lizards
  5 kobolds
  3 rats (D:1)
51 creatures vanquished.

Notes
Turn   | Place    | Note
-------+----------+-------------------------------------------
     0 | D:1      | hikkokomori the Formicid Fighter began the quest for the
                  | Orb.
     0 | D:1      | Reached XP level 1. HP: 18/18 MP: 1/1
   267 | D:1      | Got the Folio of Voltaic Dislocation
   393 | D:1      | Reached XP level 2. HP: 22/24 MP: 2/2
   629 | D:1      | Reached XP level 3. HP: 29/29 MP: 3/3
  1437 | D:2      | Noticed Robin
  1463 | D:2      | Reached XP level 4. HP: 29/37 MP: 4/4
  1472 | D:2      | Killed Robin
  1856 | D:3      | Found Duamn's Armour Emporium.
  2339 | D:3      | Found a faded altar of an unknown god.
  2436 | D:3      | Quit the game

Illustrated notes

Levels and vault maps discovered:
D:1:      lemuel_arrival_broad_hall, layout_basic
D:2:      layout_rooms, uniq_robin
D:3:      layout_loops_cross, hellmonk_ecumenical_altar_inner_sanctum,
          serial_shops, nicolae_shop_trees

Skill      XL: |  1  2  3  4 |
---------------+-------------+-----
Fighting       | 4 |  4.1
Axes           | |  2.8
Armour         | |  3.9
Shields        | |  4.8

Action                   |  1- 3 |  4- 6 || total
-------------------------+-------+-------++-------
Melee: War axe           |   111 |    51 ||   162
  Use: Scroll            |       |     5 ||     5
Armor: Scale mail        |    55 |    17 ||    72
Dodge: Dodged            |    53 |    36 ||    89
Block: Buckler           |    27 |    17 ||    44
